 Dungeon Crawl Stone Soup version 0.32-a0-837-g8d3e27d251 (webtiles) character file.

Game seed: 8031432523679510492

8 Essalna the Firebug (level 2, 20/20 HPs)
             Began as a Demonspawn Fire Elementalist on Mar 26, 2024.
             Got out of the dungeon alive.
             The game lasted 00:00:53 (436 turns).

Essalna the Firebug (Demonspawn Fire Elementalist)   Turns: 436, Time: 00:00:53

Health: 20/20      AC:  4    Str:  8    XL:     2   Next: 0%
Magic:  5/5        EV: 10    Int: 15    God:
Gold:   21         SH:  0    Dex: 13    Spells: 4/5 levels left

rFire   . . .        e - +0 short sword
rCold   . . .        (no shield)
rNeg    + . .        g - +1 leather armour {rN+}
rPois   .            (no helmet)
rElec   .            (no cloak)
rCorr   .            (no gloves)
SInv    .            (no boots)
Will    .....        (no amulet)
Stlth   ++           (no ring)
HPRegen 0.23/turn    (no ring)
MPRegen 0.09/turn

%: no passive effects
@: no status effects
A: claws 1
a: no special abilities


You escaped.
You visited 1 branch of the dungeon, and saw 1 of its levels.

You collected 21 gold pieces.

Inventory:

Hand Weapons
 e - a +0 short sword (weapon)
Armour
 a - a +0 robe
 g - a +1 leather armour of positive energy (worn)
Scrolls
 d - a scroll of enchant armour {unknown}
Potions
 b - a potion of magic
 c - a potion of heal wounds {unknown}
 f - a potion of ambrosia {unknown}


   Skills:
 + Level 0.6 Fighting
 - Level 1.7 Dodging
 - Level 1.7 Stealth
 + Level 2.1 Spellcasting
 + Level 1.3 Conjurations
 + Level 2.8 Fire Magic


You had 4 spell levels left.
You knew the following spells:

 Your Spells              Type           Power      Damage    Failure   Level
a - Foxfire               Conj/Fire      28%        2x1d5     14%         1

Your spell library contained the following spells:

 Spells                   Type           Power      Damage    Failure   Level
 Scorch                   Fire           20%        2d5       16%         2
 Inner Flame              Hex/Fire       5%         N/A       47%         3
 Volatile Blastmotes      Fire/Tloc      10%        2d10      47%         3
 Flame Wave               Conj/Fire      7%         2d5       80%         4


Dungeon Overview and Level Annotations

Branches:
Dungeon (1/15)

Altars:


Innate Abilities, Weirdness & Mutations

You have sharp fingernails.


Message History

You are out of magic!
An endoplasm is nearby!
You barely miss the endoplasm.
The endoplasm is moderately wounded.
The foxfire hits the endoplasm.
The endoplasm is almost dead.
The foxfire hits the endoplasm.
You kill the endoplasm!
No target in view!
There is a large open door here.
There is a large open door here.
Found a stone staircase leading down.
You see here a +1 leather armour of positive energy.
You see here a +1 leather armour of positive energy.
You start removing your armour.
You continue removing your +0 robe. x4
You finish removing your +0 robe.
You start putting on your armour.
You continue putting on your +1 leather armour of positive energy. x5
You finish putting on your +1 leather armour of positive energy.
You feel more protected from negative energy.
A rat comes into view.
Found 7 gold pieces.
The rat squeaks loudly.
You conjure some foxfire!
There is not enough space to conjure foxfire!
There is not enough space to conjure foxfire!
A rat is nearby!
The foxfire hits the rat.
You kill the rat!
You have reached level 2!
Your demonic ancestry asserts itself...
Your fingernails lengthen.
Key pressed, stopping travel.
There are no items here.
You see here a beast talisman.
Things that are here:
a +0 club; 4 stones; a kobold corpse
There is an open door here.
There is a staircase leading out of the dungeon here.
You have escaped!

##### ######.@.######
###.............###
####.................###
#..'.............(...'.#
#
#.##.................#.#
#
#.####..........[..###.#
# ##K# ###.........###
#.# ####.J# ###.....###
#.## #....##
###.........# #..##


There were no monsters in sight!

Vanquished Creatures
  2 endoplasms (D:1)
  A giant cockroach (D:1)
  A goblin (D:1)
  3 kobolds (D:1)
  A rat (D:1)
8 creatures vanquished.

Vanquished Creatures (others)
  20 foxfires (D:1)
20 creatures vanquished.

Grand Total: 28 creatures vanquished

Notes
Turn   | Place    | Note
-------+----------+-------------------------------------------
     0 | D:1      | Essalna the Demonspawn Fire Elementalist began the quest
                  | for the Orb.
     0 | D:1      | Reached XP level 1. HP: 13/13 MP: 3/3
   352 | D:1      | Gained mutation: You have sharp fingernails. [demonic
                  | ancestry]
   352 | D:1      | Reached XP level 2. HP: 20/20 MP: 3/5
   436 | D:$      | Got out of the dungeon alive.

Illustrated notes

Levels and vault maps discovered:
D:1:      nzn_arrival_depleted_hourglass, layout_basic,
          dilly_ecumenical_altar_fadedgnrine

Action                     || total
---------------------------++-------
  Melee: Unarmed           ||    17
         Short sword       ||     4
   Cast: Foxfire           ||    12
 Armour: Robe              ||    22
  Dodge: Dodged            ||    23

Table legend: (Time is in decaauts)
 A = Elapsed time spent in this place.
 B = Non-inter-level travel time spent in this place.
 C = Inter-level travel time spent in this place.
 D = Time resting spent in this place.
 E = Time spent auto-exploring this place.
 F = Levels seen in this place.
 G = Mean time per level.
                   A        B        C        D        E       F      G
               +--------+--------+--------+--------+--------+-----+--------+
         Total |    435 |    333 |    102 |      0 |    231 |   1 |  435.0 |
       Dungeon |    435 |    333 |    102 |      0 |    231 |   1 |  435.0 |
               +--------+--------+--------+--------+--------+-----+--------+

Top non-repeatable levels by time:
     D:1: 435 daAuts
